 Dungeon Crawl Stone Soup version 0.27-a0-887-gcab673c142 (webtiles) character file.

Game seed: 9185739882702785756

91 Alarkh the Ruffian (level 4, 0/35 HPs)
             Began as a Demonspawn Gladiator on Apr 4, 2021.
             Slain by a black bear (12 damage)
             ... on level 3 of the Dungeon.
             The game lasted 00:02:10 (1901 turns).

Alarkh the Ruffian (Demonspawn Gladiator)           Turns: 1901, Time: 00:02:11

Health: 0/35       AC:  4    Str: 15    XL:     4   Next: 33%
Magic:  4/4        EV: 12    Int: 10    God:
Gold:   107        SH:  0    Dex: 14    Spells: 3/3 levels left

rFire    . . .     SeeInvis .     - Unarmed
rCold    . . .     Faith    .   (no shield)
rNeg     . . .     Spirit   .   a - +0 leather armour
rPois    .         Reflect  .   b - +0 helmet
rElec    .         Harm     .   (no cloak)
rCorr    .         Rampage  .   (no gloves)
Will     .....                  (no boots)
Stlth    +.........             i - amulet of the acrobat
HPRegen  0.11/turn              (no ring)
MPRegen  0.09/turn              (no ring)

@: no status effects
A: claws 1, demonic guardian 1
a: no special abilities


You were on level 3 of the Dungeon.
You visited 1 branch of the dungeon, and saw 3 of its levels.

You collected 107 gold pieces.

Inventory:

Missiles
 c - 3 throwing nets (quivered)
Armour
 a - a +0 leather armour (worn)
 b - a +0 helmet (worn)
Jewellery
 i - an amulet of the acrobat (around neck)
Scrolls
 d - a scroll of enchant armour {unknown}
 e - a scroll of amnesia {unknown}
 f - a scroll of noise {unknown}
 h - 4 scrolls of immolation {unknown}
 j - a scroll of brand weapon {unknown}
 k - a scroll of summoning {unknown}
 m - a scroll of enchant weapon {unknown}
 n - a scroll of fear {unknown}
 o - 2 scrolls of identify {unknown}
 r - a scroll of vulnerability {unknown}
Potions
 g - a potion of heal wounds {unknown}
 l - a potion of curing {unknown}
 p - a potion of mutation {unknown}
 q - a potion of haste
 s - a potion of might {unknown}


   Skills:
 + Level 3.0 Fighting
 - Level 1.7 Throwing
 - Level 2.6 Dodging
 * Level 4.2 Unarmed Combat


You had 3 spell levels left.
You didn't know any spells.
Your spell library contained the following spells:

 Spells                   Type           Power      Damage    Failure   Level
 Confusing Touch          Hex            0%         N/A       80%         3
 Gell's Gravitas          Tloc           0%         N/A       80%         3
 Petrify                  Tmut/Erth      0%         N/A       99%         4
 Metabolic Englaciation   Hex/Ice        0%         N/A       100%        5
 Yara's Violent Unravell  Hex/Tmut       0%         3d3       100%        5


Dungeon Overview and Level Annotations

Branches:
Dungeon (3/15)

Altars:

Annotations:
D:3 Jessica


Innate Abilities, Weirdness & Mutations

You have sharp fingernails.
A weak demonic guardian rushes to your aid.


Message History

A kobold comes into view. It is wielding a +0 club.
The black bear bites you.
The black bear claws you but does no damage.
The black bear claws you.
The kobold shouts!
You scratch the black bear.
The black bear is lightly wounded.
The black bear barely misses you. x3
Jessica the Apprentice Sorceress comes into view.
She is wielding a +0 club.
You claw the black bear!
The black bear is heavily wounded.
The black bear bites you but does no damage.
The black bear claws you. The black bear barely misses you.
You scratch the black bear.
The black bear is severely wounded.
Jessica drinks a potion.
Jessica suddenly seems more resistant.
The black bear bites you. The black bear barely misses you. x2
You claw the black bear!
The black bear is almost dead.
You scratch the black bear but do no damage.
The black bear is almost dead.
The black bear bites you. The black bear barely misses you.
The black bear claws you but does no damage.
You are too injured to fight recklessly!
You are too injured to fight recklessly!
You are too injured to fight recklessly!
You are too injured to fight recklessly!
You are too injured to fight recklessly!
You are too injured to fight recklessly!
You are too injured to fight recklessly!
The black bear goes berserk!
There is an open door here.
The black bear rages.
Okay, then.
You scratch the black bear but do no damage.
The black bear is almost dead.
The black bear barely misses you.
The black bear claws you but does no damage.
The black bear claws you. The black bear bites you!
You die...

..###..............#######
....+...>..........#
##.##.....##########
.#..............#
..†.............##
..............<..#
.......#.#.....#.#
.........#.##..#.#
.........#.##..#@#
.#.......#.#...#h#
.#.#..........##K##
.#.###+#.###.#..B.#
#..........# ....##.....#
. #.....# #.....# .......


You could see a black bear (berserk), a giant cockroach and a kobold.

Vanquished Creatures
  3 adders (D:2)
  A worm (D:2)
  7 ball pythons
  6 endoplasms
  2 giant cockroaches (D:2)
  4 goblins
  6 hobgoblins
  2 quokkas (D:2)
  4 bats (D:1)
  4 frilled lizards
  5 kobolds
  A rat (D:3)
45 creatures vanquished.

Vanquished Creatures (collateral kills)
  2 adders (D:2)
  A dart slug (D:2)
3 creatures vanquished.

Grand Total: 48 creatures vanquished

Notes
Turn   | Place    | Note
-------+----------+-------------------------------------------
     0 | D:1      | Alarkh the Demonspawn Gladiator began the quest for the
                  | Orb.
     0 | D:1      | Reached XP level 1. HP: 16/16 MP: 1/1
   299 | D:1      | Reached skill level 3 in Unarmed Combat
   321 | D:1      | Gained mutation: You have sharp fingernails. [demonic
                  | ancestry]
   321 | D:1      | Reached XP level 2. HP: 19/22 MP: 2/2
   815 | D:1      | You fall into a shaft and drop 1 floor!
   860 | D:2      | Gained mutation: A weak demonic guardian rushes to your
                  | aid. [demonic ancestry]
   860 | D:2      | Reached XP level 3. HP: 7/28 MP: 3/3
  1410 | D:2      | Reached skill level 4 in Unarmed Combat
  1459 | D:2      | Found a faded altar of an unknown god.
  1511 | D:2      | Reached XP level 4. HP: 28/34 MP: 4/4
  1888 | D:3      | Noticed a black bear
  1893 | D:3      | Noticed Jessica
  1901 | D:3      | Slain by a black bear

Illustrated notes

Levels and vault maps discovered:
D:1:      beargit_arrival_diablo_church, layout_loops_ring, serial_shops,
          shop_coins, minmay_liquid_box, grunt_decor_fettered
D:2:      layout_basic, basic_ecumenical_altar, minmay_misc_feat_five,
          minmay_vboxes
D:3:      minmay_door_path, layout_basic, nicolae_overflow_hidden_temple,
          feat_on_display, uniq_terence, uniq_jessica

Skill      XL: |  1  2  3  4 |
---------------+-------------+-----
Unarmed Combat | 3 4 |  4.2
Fighting       | 3 |  3.0
Throwing       | |  1.7
Dodging        | |  2.6

Action                   |  1- 3 |  4- 6 || total
-------------------------+-------+-------++-------
Melee: Unarmed           |   147 |    29 ||   176
  Use: Potion            |     1 |       ||     1
 Stab: Sleeping          |     1 |       ||     1
Armor: Leather armour    |    34 |     8 ||    42
Dodge: Dodged            |    89 |    21 ||   110

Table legend: (Time is in decaauts)
 A = Elapsed time spent in this place.
 B = Non-inter-level travel time spent in this place.
 C = Inter-level travel time spent in this place.
 D = Time resting spent in this place.
 E = Time spent auto-exploring this place.
 F = Levels seen in this place.
 G = Mean time per level.
                   A        B        C        D        E       F      G
               +--------+--------+--------+--------+--------+-----+--------+
         Total |   1875 |   1840 |     35 |    267 |   1249 |   3 |  625.0 |
       Dungeon |   1875 |   1840 |     35 |    267 |   1249 |   3 |  625.0 |
               +--------+--------+--------+--------+--------+-----+--------+

Top non-repeatable levels by time:
     D:2: 941 daAuts
     D:1: 812 daAuts
     D:3: 120 daAuts
